 Dungeon Crawl Stone Soup version 0.26-a0-28-gc929df5585 (webtiles) character file.

Game seed: 12551126131858728767, levelgen mode: deterministic

49302 Essalna the Fighter (level 14, -1/90 HPs)
             Began as a Gargoyle Ice Elementalist on May 28, 2020.
             Was a High Priest of Vehumet.
             Slain by a stone giant (19 damage)
             ... on level 13 of the Dungeon.
             The game lasted 01:14:51 (19348 turns).

Essalna the Fighter (Gargoyle Ice Elementalist)    Turns: 19348, Time: 01:14:51

Health: -1/90      AC: 31    Str: 13    XL:     14   Next: 50%
Magic:  17/27      EV: 15    Int: 23    God:    Vehumet [*****.]
Gold:   1281       SH:  5    Dex: 12    Spells: 19/32 levels left

rFire    + + .     SeeInvis .   P - +6 long sword "Giant's Foe" {freeze, rF+ Int+3}
rCold    . . .     Gourm    .   G - +0 buckler
rNeg     + + +     Faith    .   S - +2 ring mail of Cumnau {*Contam rF+ rN++ Dex+2}
rPois    ∞         Spirit   .   y - +1 helmet
rElec    +         Reflect  .   L - +1 cloak
rCorr    .         Harm     .   v - +2 pair of gloves
MR       +....                  j - +2 pair of boots {Stlth+}
Stlth    +++.......             p - amulet of regeneration
HPRegen  0.65/turn              z - ring of flight
MPRegen  0.20/turn              X - +4 ring of slaying

@: no status effects
A: big wings, negative energy resistance 1, electricity resistance, unbreathing,
petrification resistance, rot immunity, AC +10
a: Fly, Renounce Religion, Evoke Flight


You were on level 13 of the Dungeon.
You worshipped Vehumet.
Vehumet was extremely pleased with you.
You were not hungry.

You visited 3 branches of the dungeon, and saw 22 of its levels.
You also visited: Ice Cave.

You collected 1446 gold pieces.
You spent 165 gold pieces at shops.

Inventory:

Hand Weapons
 D - the +0 dagger "Ynuaxel" {vorpal, rC++ rN+}
   (You found it on level 6 of the Dungeon)

   It inflicts extra damage upon your enemies.
   It greatly protects you from cold.
   It protects you from negative energy.
 P - the +6 long sword "Giant's Foe" (weapon) {freeze, rF+ Int+3}
   (You found it on level 5 of the Lair of Beasts)

   It has been specially enchanted to freeze those struck by it, causing extra
   injury to most foes and up to half again as much damage against particularly
   susceptible opponents.
   It can also slow down cold-blooded creatures.
   It affects your intelligence (+3).
   It protects you from fire.
Armour
 i - a +2 robe of cold resistance
 j - a +2 pair of boots of stealth (worn)
 l - the cursed +1 scale mail of True Grit {Harm, unknown}
   (You found it on level 14 of the Dungeon)

   It increases damage dealt and taken.
   It has a curse placed upon it.
 v - a +2 pair of gloves (worn)
 y - a +1 helmet (worn)
 B - +0 acid dragon scales
 C - a +1 ring mail of magic resistance
 G - a +0 buckler (worn)
 L - a +1 cloak (worn)
 N - the +12 plate armour of the Arcane {Harm}
   (You found it on level 3 of the Lair of Beasts)

   It increases damage dealt and taken.
 S - the +2 ring mail of Cumnau (worn) {*Contam rF+ rN++ Dex+2}
   (You found it on level 4 of the Lair of Beasts)

   It affects your dexterity (+2).
   It protects you from fire.
   It greatly protects you from negative energy.
   It causes magical contamination when unequipped.
 U - +0 storm dragon scales
Magical Staves
 a - an uncursed staff of air {unknown}
 e - an uncursed staff of wizardry {unknown}
 J - an uncursed staff of conjuration {unknown}
 V - an uncursed staff of earth {unknown}
Jewellery
 f - an uncursed ring of ice
 p - an amulet of regeneration (around neck)
 q - a +4 ring of protection
 z - a ring of flight (left hand)
 E - an uncursed amulet of faith {unknown}
 X - a +4 ring of slaying (right hand)
 Z - an uncursed amulet of reflection {unknown}
Wands
 b - a wand of digging (2)
 n - a wand of acid (8)
Scrolls
 d - a scroll of magic mapping
 h - 11 scrolls of remove curse
 o - 9 scrolls of teleportation
 s - a scroll of fog
 w - a scroll of blinking
 x - 3 scrolls of fear
 F - 2 scrolls of enchant armour
 I - 5 scrolls of amnesia
 K - 2 scrolls of enchant weapon
Potions
 g - a potion of ambrosia
 k - 3 potions of brilliance {unknown}
 m - 6 potions of flight
 r - 4 potions of lignification
 u - 3 potions of stabbing
 A - 4 potions of curing
 H - a potion of heal wounds
 O - a potion of magic
 Q - 2 potions of haste
 R - a potion of mutation
 W - a potion of resistance {unknown}
Comestibles
 c - 33 rations
 t - 10 chunks of flesh


   Skills:
 + Level 11.4 Fighting
 + Level 10.8 Armour
 + Level 8.7 Dodging
 - Level 4.0 Stealth
 - Level 4.0 Shields
 + Level 9.9 Spellcasting
 + Level 8.7 Conjurations
 + Level 11.2 Ice Magic
 + Level 5.4 Earth Magic


You had 19 spell levels left.
You knew the following spells:

 Your Spells              Type           Power        Failure   Level  Hunger
a - Freeze                Ice            ####         1%          1    None
b - Frozen Ramparts       Ice            ######       1%          3    None
c - Hailstorm             Conj/Ice       ######..     1%          4    ##.....
d - Lee's Rapid Deconstr  Erth           #####.....   9%          5    ####...

Your spell library contained the following spells:

 Spells                   Type           Power        Failure   Level  Hunger
 Ozocubu's Refrigeration  Ice            ######....   4%          6    ######.
 Ensorcelled Hibernation  Hex/Ice        #####.       1%          2    None
 Dazzling Flash           Conj/Hex       ####..       1%          3    None
 Ozocubu's Armour         Chrm/Ice       #####...     3%          3    None
 Summon Ice Beast         Ice/Summ       #####...     10%         4    ##.....
 Corona                   Hex            ##.....      11%         1    None
 Summon Small Mammal      Summ           ##..         11%         1    None
 Irradiate                Conj/Tmut      ####......   13%         5    ####...
 Call Imp                 Summ           ##......     16%         2    None
 Metabolic Englaciation   Hex/Ice        #####.....   28%         5    ####...
 Call Canine Familiar     Summ           ##......     30%         3    None
 Confusing Touch          Hex            ##......     30%         3    None
 Gell's Gravitas          Tloc           ##........   30%         3    None
 Summon Guardian Golem    Hex/Summ       ##......     30%         3    None
 Tukima's Dance           Hex            ##......     30%         3    None
 Petrify                  Tmut/Erth      ###.....     32%         4    ##.....
 Yara's Violent Unravell  Hex/Tmut       ##........   54%         5    ####...
 Summon Lightning Spire   Summ/Air       ##......     71%         4    ##.....
 Hydra Form               Tmut           ##........   100%        6    ######.
 Dragon Form              Tmut           ##........   100%        7    #######
 Statue Form              Tmut/Erth      Unusable     N/A         6    N/A

Dungeon Overview and Level Annotations

Branches:
Dungeon (15/15)            Temple (1/1) D:6            Lair (6/6) D:9
 Shoals (0/4) Lair:4        Snake (0/4) Lair:3        Slime (0/5) Lair:5
    Orc (0/2) D:12         Depths (0/5) D:15          IceCv (visited)
 Vaults: D:13-14

Altars:
Ashenzari
Cheibriados
Dithmenos
Elyvilon
Fedhas
Hepliaklqana
Kikubaaqudgha
Makhleb
Ru
Sif Muna
Trog
Uskayaw
Vehumet
Xom
Yredelemnul
The Shining One

Shops:
D:5 (   D:9 =   D:14 ?

Portals:
Hell: Lair:6

Annotations:
Lair:1 3 runed translucent doors, Keculaez's ghost, journeyman MiFi; Mandevil's ghost, journeyman TrBe; Mrkan's ghost, journeyman MiFi; endorz's ghost, journeyman HOFi
Lair:5 exclusion: oklob plant


Innate Abilities, Weirdness & Mutations

You are resistant to torment.
Your stone body is resilient. (AC +10)
You are immune to poison.
Your large and strong wings let you fly indefinitely.
You resist negative energy. (rN+)
You are resistant to electric shocks. (rElec)
You can survive without breathing.
You are immune to petrification.
You are immune to rotting.


Message History

You slash the centaur warrior zombie!
The centaur warrior zombie is almost destroyed.
You block the centaur warrior zombie's attack.
The centaur warrior zombie hits you but does no damage.
The stone giant barely misses you.
You riposte.
You hit the stone giant but do no damage.
The stone giant is heavily wounded.
You hit the centaur warrior zombie but do no damage.
The centaur warrior zombie is almost destroyed.
The centaur warrior zombie hits you but does no damage.
The stone giant hits you. The centaur warrior zombie hits you.
You hit the centaur warrior zombie.
The centaur warrior zombie is almost destroyed.
The sentinel's mark upon you fades away.
The centaur warrior zombie hits you but does no damage.
The stone giant hits you!!
* * * LOW HITPOINT WARNING * * *
A skeletal warrior comes into view. It is wielding a +0 mace.
The stone giant hits you!!
You die...

#.......#
#.......#
####.#.## #.#.#
#.#.# #.#.#
#)#.# .(#Z# #@#
#C# #C#z##
####Cz#.#
###.#..zz##.####
...ZC#.z...÷...#
..#.###.#.#.##.#
...##?##..#.#
..##...##.#.#


You could see a frost giant, a fire giant, a stone giant, 4 skeletal warriors
and a centaur warrior zombie.

Vanquished Creatures
  Fannar (Lair:3)
  2 centaur warriors
  4 hydras
  3 two-headed ogres
  A death knight (D:14)
  3 death yaks (Lair:6)
  A tengu warrior (D:15)
  A deep troll earth mage (D:13)
  A sun demon (Lair:6)
  A fire crab (Lair:6)
  2 unseen horrors
  A wizard (Lair:6)
  A phantasmal warrior (D:14)
  A lindwurm (Lair:1)
  A manticore (D:14)
  3 cyclopes
  6 ugly things
  4 elephants (Lair:6)
  3 centaur zombies
  4 black mambas
  An eye of devastation (Lair:5)
  An eye of devastation (shapeshifter) (D:14)
  A smoke demon (Lair:6)
  8 spiny frogs
  3 orange demons (Lair:6)
  Maggie (D:6)
  3 komodo dragons
  3 rime drakes
  A freezing wraith (D:14)
  An ice devil (Lair:6)
  A komodo dragon (shapeshifter) (D:14)
  A tengu conjurer (D:15)
  A red devil (Lair:6)
  A troll (D:11)
  2 polar bears
  16 blink frogs
  A harpy skeleton (D:15)
  13 hippogriffs
  A hippogriff (shapeshifter) (D:14)
  A wraith (D:14)
  Sigmund (D:2)
  16 yaks
  A spriggan (D:8)
  6 wyverns
  2 hungry ghosts
  4 basilisks
  Grum (D:11)
  An acid dragon (D:10)
  2 nagas (Lair:3)
  8 water moccasins
  5 hell hounds (Lair:6)
  2 porcupines
  3 orc warriors
  8 ice beasts
  2 sky beasts
  4 black bears
  8 ogres
  2 eyes of draining
  2 wolves (D:11)
  10 centaurs
  A phantom (D:11)
  13 crocodiles
  22 bullfrogs
  A wyvern zombie (D:14)
  4 killer bees (D:7)
  3 scorpions
  3 wights (D:9)
  3 howler monkeys
  7 jellies
  5 crimson imps
  A quasit (D:10)
  3 centaur skeletons
  3 hounds
  11 orc wizards
  7 orc priests
  A bullfrog skeleton (D:8)
  A gnoll shaman (D:9)
  4 iguanas
  7 worker ants
  A worker ant zombie (D:5)
  6 gnolls
  A howler monkey skeleton (D:11)
  11 adders
  A shadow imp (D:9)
  3 adder zombies
  2 adder skeletons
  3 worms
  A dart slug (D:4)
  5 leopard geckos
  37 orcs
  A ball python (D:3)
  3 bats
  7 giant cockroaches
  15 goblins
  13 hobgoblins
  4 jackals
  7 kobolds
  A quokka (D:11)
  3 frilled lizards
  A jackal skeleton (D:7)
  A leopard gecko skeleton (D:4)
  11 rats
  A fungus (Lair:4)
432 creatures vanquished.

Notes
Turn   | Place    | Note
-------+----------+-------------------------------------------
     0 | D:1      | Essalna the Gargoyle Ice Elementalist began the quest for
                  | the Orb.
     0 | D:1      | Reached XP level 1. HP: 10/10 MP: 3/3
   215 | D:1      | Reached skill level 1 in Fighting
   215 | D:1      | Reached XP level 2. HP: 13/16 MP: 0/5
   958 | D:2      | Reached XP level 3. HP: 20/20 MP: 6/6
  1561 | D:2      | Reached XP level 4. HP: 26/26 MP: 8/8
  1592 | D:2      | Noticed Sigmund
  1608 | D:1      | Learned a level 3 spell: Frozen Ramparts
  1805 | D:2      | Killed Sigmund
  1805 | D:2      | Reached skill level 5 in Ice Magic
  1805 | D:2      | Reached XP level 5. HP: 22/32 MP: 5/10
  1944 | D:2      | Reached XP level 6. HP: 29/37 MP: 11/11
  2449 | D:2      | Found a hazy altar of Hepliaklqana.
  2616 | D:3      | Reached skill level 1 in Armour
  2853 | D:3      | Found a shattered altar of Ashenzari.
  3230 | D:3      | Found a snail-covered altar of Cheibriados.
  3452 | D:4      | Found a hide-covered altar of Uskayaw.
  3605 | D:4      | Reached XP level 7. HP: 42/42 MP: 8/12
  4108 | D:5      | Entered Level 5 of the Dungeon
  4730 | D:5      | Found Piskus's Antique Weapon Boutique.
  4733 | D:5      | Bought a runed dagger for 165 gold pieces
  4778 | D:6      | Found a shimmering altar of Xom.
  4805 | D:6      | Found a shimmering altar of Xom.
  4839 | D:6      | Found a staircase to the Ecumenical Temple.
  4853 | Temple   | Entered the Ecumenical Temple
  4872 | Temple   | Became a worshipper of Vehumet
  4921 | D:6      | Noticed Maggie
  4930 | D:6      | Reached XP level 8. HP: 38/48 MP: 8/14
  4940 | D:6      | Killed Maggie
  5063 | D:6      | Reached skill level 5 in Fighting
  5159 | D:6      | Found a sacrificial altar of Ru.
  5213 | D:6      | Got a masterwork dagger
  5214 | D:6      | Identified the cursed +0 dagger "Ynuaxel" {vorpal, rC++
                  | rN+} (You found it on level 6 of the Dungeon)
  5222 | D:6      | Found a shimmering altar of Xom.
  5300 | D:6      | Found a shimmering altar of Xom.
  5301 | D:6      | Found a shimmering altar of Xom.
  5513 | D:6      | Reached skill level 5 in Spellcasting
  5642 | D:7      | Reached XP level 9. HP: 51/54 MP: 12/16
  5648 | D:7      | Reached skill level 1 in Shields
  5689 | D:7      | Found a basalt altar of Yredelemnul.
  5865 | D:7      | Found a blossoming altar of Fedhas.
  6176 | D:7      | Reached * piety under Vehumet
  6176 | D:7      | Offered knowledge of Shock by Vehumet.
  6326 | D:7      | Found an ancient bone altar of Kikubaaqudgha.
  6513 | D:8      | Found a bloodstained altar of Trog.
  6848 | D:8      | Reached skill level 5 in Armour
  7390 | D:9      | Reached XP level 10. HP: 48/61 MP: 11/19
  7491 | D:9      | Reached ** piety under Vehumet
  7491 | D:9      | Offered knowledge of Magic Dart by Vehumet.
  7577 | D:9      | Noticed a two-headed ogre
  7606 | D:9      | Killed a two-headed ogre
  8033 | D:9      | Found a staircase to the Lair.
  8035 | D:9      | Noticed a two-headed ogre
  8075 | D:9      | Killed a two-headed ogre
  8075 | D:9      | Reached skill level 5 in Dodging
  8077 | D:9      | Offered knowledge of Stone Arrow by Vehumet.
  8140 | D:9      | Learned a level 4 spell: Hailstorm
  8508 | D:9      | Found Nysuor's Jewellery Emporium.
  8814 | Lair:1   | Entered Level 1 of the Lair of Beasts
  8814 | Lair:1   | Found a runed translucent gate.
  8814 | Lair:1   | Found a runed translucent gate.
  8814 | Lair:1   | Noticed Mrkan's ghost (journeyman MiFi)
  8815 | Lair:1   | Found a runed translucent gate.
  8815 | Lair:1   | Noticed Mandevil's ghost (journeyman TrBe)
  8815 | Lair:1   | Noticed endorz's ghost (journeyman HOFi)
  8815 | Lair:1   | Noticed Keculaez's ghost (journeyman MiFi)
  8914 | Lair:1   | Reached skill level 1 in Conjurations
  9086 | Lair:1   | Noticed a spiny frog
  9101 | Lair:1   | Killed a spiny frog
  9460 | Lair:1   | Found a dark tunnel.
  9460 | Lair:1   | Noticed a lindwurm
  9468 | Lair:1   | Killed a lindwurm
  9468 | Lair:1   | Reached XP level 11. HP: 68/68 MP: 21/21
  9672 | Lair:1   | Noticed an ice dragon
  9847 | Lair:2   | Reached *** piety under Vehumet
 10327 | Lair:2   | Offered knowledge of Olgreb's Toxic Radiance by Vehumet.
 11120 | Lair:3   | Found a staircase to the Snake Pit.
 11258 | Lair:3   | Noticed Fannar
 11458 | Lair:3   | Killed Fannar
 11458 | Lair:3   | Reached XP level 12. HP: 75/75 MP: 11/23
 11574 | Lair:3   | Got a spiked plate armour
 11585 | Lair:3   | Identified the +12 plate armour of the Arcane {Harm} (You
                  | found it on level 3 of the Lair of Beasts)
 12223 | Lair:4   | Reached skill level 5 in Conjurations
 12276 | Lair:4   | Found a staircase to the Shoals.
 12389 | Lair:4   | Reached **** piety under Vehumet
 12682 | Lair:4   | Got a steaming ring mail
 12693 | Lair:4   | Identified the +2 ring mail of Cumnau {*Contam rF+ rN++
                  | Dex+2} (You found it on level 4 of the Lair of Beasts)
 13100 | Lair:5   | Offered knowledge of Irradiate by Vehumet.
 13299 | Lair:5   | Got a fine long sword
 13300 | Lair:5   | Identified the +6 long sword "Giant's Foe" {freeze, rF+
                  | Int+3} (You found it on level 5 of the Lair of Beasts)
 13356 | Lair:5   | Found a staircase to the Slime Pits.
 13641 | Lair:5   | Found a glowing golden altar of the Shining One.
 14396 | Lair:6   | Entered Level 6 of the Lair of Beasts
 14466 | Lair:6   | Reached skill level 10 in Ice Magic
 14620 | Lair:6   | Noticed a death yak
 14621 | Lair:6   | Noticed a death yak
 14636 | Lair:6   | Noticed a death yak
 14639 | Lair:6   | Killed a death yak
 14639 | Lair:6   | Reached skill level 10 in Fighting
 14647 | Lair:6   | Killed a death yak
 14647 | Lair:6   | Reached XP level 13. HP: 69/82 MP: 25/25
 14822 | Lair:6   | Reached ***** piety under Vehumet
 15063 | Lair:6   | Offered knowledge of Lee's Rapid Deconstruction by Vehumet.
 15070 | Lair:6   | Learned a level 5 spell: Lee's Rapid Deconstruction
 15363 | Lair:6   | Reached skill level 1 in Earth Magic
 15549 | Lair:6   | Found a burning altar of Makhleb.
 15569 | Lair:6   | Reached skill level 10 in Armour
 15588 | Lair:6   | Found a gateway to Hell.
 16098 | D:10     | Entered Level 10 of the Dungeon
 17195 | D:11     | Noticed Grum
 17199 | D:11     | Killed Grum
 17437 | D:12     | Found a frozen archway.
 17445 | IceCv    | Entered an ice cave
 17485 | IceCv    | Found a transporter.
 17501 | IceCv    | Found a transporter.
 17505 | IceCv    | HP: 3/84 [ice statue/shard of ice (31)]
 17559 | D:12     | HP: 2/84 [white ugly thing (5)]
 17698 | D:12     | You fall into a shaft and drop 3 floors!
 17698 | D:15     | Entered Level 15 of the Dungeon
 17795 | D:15     | Gained mutation: Your large and strong wings let you fly
                  | indefinitely. [Gargoyle growth]
 17795 | D:15     | Reached XP level 14. HP: 81/90 MP: 27/27
 18018 | D:14     | Found Lirghoz's Magic Scroll Shop.
 18489 | D:14     | Offered knowledge of Ozocubu's Refrigeration by Vehumet.
 18512 | D:14     | Reached skill level 5 in Earth Magic
 18929 | D:14     | Got a smoking scale mail
 19315 | D:13     | Noticed a frost giant
 19317 | D:13     | Noticed a fire giant
 19329 | D:13     | Noticed a stone giant
 19348 | D:13     | Slain by a stone giant

Illustrated notes

Levels and vault maps discovered:
D:1:      dpeg_arrival_long_road, layout_loops_ring, corexii_hall_statues_u
D:2:      layout_loops_ring, lemuel_coloured_pillars_altar, serial_glass,
          glass_columns_a, glass_columns_a, uniq_sigmund
D:3:      layout_basic, old_standard_altar, nicolae_ashenzari_panopticon
D:4:      cheibrodos_greedy_goblins, layout_basic, lemuel_crystal_altar,
          serial_rivers, chequers_serial_rivers_large_b,
          chequers_serial_rivers_micro_a, chequers_serial_rivers_room_a,
          chequers_serial_rivers_room_b, chequers_serial_rivers_small_3,
          chequers_serial_rivers_small_a, first_ration
D:5:      layout_basic, serial_shops, kennysheep_mini_moat
D:6:      layout_cave_pools, lemuel_doored_altar, minmay_temple_entry_wispy,
          hangedman_abyss_or_decor_slice, glass_columns_a,
          hangedman_abyss_or_decor_jellyfish_corner, xom_redecorated,
          uniq_maggie
D:7:      layout_basic, kennysheep_little_box, kennysheep_mini,
          lemuel_crystal_altar, minmay_crystal_room
D:8:      layout_loops_ring, the_bakery, trog_three_pillars_becter
D:9:      layout_stronghold, lair_entry_dummy, minmay_shop_enchanted_jewellery
D:10:     layout_rooms
D:11:     layout_basic, grunt_decor_resistance, st_stairs_9, uniq_grum
D:12:     layout_roguey, zombieorc2_lemuel, portal_ice_cave_entry_pillars_1,
          serial_bayou, serial_bayou_shore_a, serial_bayou_pond_e,
          serial_bayou_lagoon_a, serial_bayou_pond_e, serial_shops, shop,
          uniq_urug
D:13:     layout_loops_ring, david_vaults_3, serial_undead, serial_undead_d,
          serial_undead_a, serial_undead_a, serial_undead_d, minmay_door_square,
          minmay_diamond_spiral
D:14:     layout_basic, serial_corexii_hall, corexii_hall_statues_i,
          chequers_hall_statues_corner_a, nicolae_two_hexagons, serial_shops,
          shop_scrolls
D:15:     grunt_enter_depths_snipers, layout_cave_pods, eino_curves_03,
          kennysheep_doodads, minmay_between
Temple:   regret_index_temple_waves
Lair:1:   dragon1_lemuel, layout_long_grid, gammafunk_ghost_cemetery,
          nicolae_volcano_entry_vermiform
Lair:2:   layout_cave_pods, minmay_holes, st_stairs_10, grunt_megastairs_5,
          lemuel_fruit_tree
Lair:3:   layout_regular_city, guppyfry_snake_entry_island,
          chequers_serial_rivers_marsh, grunt_megastairs_4, uniq_fannar
Lair:4:   layout_hall_layers, minmay_shoals_entry_centaurs
Lair:5:   layout_cave_pods, minmay_slime_entry_eyes, lemuel_oklob_altar
Lair:6:   evil_forest, layout_gridlike, chequers_serial_rivers_large_a,
          infiniplex_staircase_pool_2

Skill      XL: |  1  2  3  4  5  6  7  8  9 10 11 12 13 14 |
---------------+-------------------------------------------+-----
Fighting       | 1 2 3 4 5 6 7 8 10 11 | 11.4
Spellcasting   | 3 4 5 6 7 8 9 |  9.9
Ice Magic      | 5 6 7 8 9 10 11 | 11.2
Armour         | 1 2 4 5 7 8 9 10 | 10.8
Dodging        | 2 3 4 5 6 7 8 |  8.7
Stealth        | 3 4 |  4.0
Shields        | 3 4 |  4.0
Conjurations   | 2 4 6 8 |  8.7
Earth Magic    | 4 5 |  5.4

Action                   |  1- 3 |  4- 6 |  7- 9 | 10-12 | 13-15 || total
-------------------------+-------+-------+-------+-------+-------++-------
Melee: Unarmed           |    18 |       |       |       |       ||    18
       Dagger            |    55 |   151 |   303 |   642 |   251 ||  1402
       Long sword        |       |       |       |    79 |   228 ||   307
 Cast: Freeze            |    33 |     2 |    13 |    15 |    16 ||    79
       Frozen Ramparts   |       |    15 |    44 |    93 |    48 ||   200
       Hailstorm         |       |       |       |    15 |    24 ||    39
       Lee's Rapid Decon |       |       |       |       |     3 ||     3
Evoke: Wand              |       |       |     4 |       |     2 ||     6
  Use: Scroll            |       |     9 |       |     8 |    10 ||    27
       Potion            |       |       |       |     2 |     4 ||     6
 Stab: Sleeping          |     3 |     7 |     4 |    12 |    11 ||    37
       Distracted        |       |       |       |       |     1 ||     1
  Eat: Chunk             |     2 |     8 |    14 |    24 |    15 ||    63
       Ration            |       |       |     1 |     1 |     1 ||     3
Armor: Robe              |    29 |    65 |    28 |       |       ||   122
       Acid dragon scale |       |       |   130 |   414 |       ||   544
       Ring mail         |       |       |       |    82 |   442 ||   524
       Plate armour      |       |       |       |     8 |       ||     8
Dodge: Dodged            |    50 |    94 |   180 |   469 |   423 ||  1216
Block: Buckler           |       |       |    32 |   166 |   130 ||   328
       Rpst.: Long sword |       |       |       |    19 |    66 ||    85

Table legend:
 A = Non-vault XP
 B = Vault XP
 C = Vault XP percentage of total XP
 D = Non-vault monster count
 E = Vault monster count
 F = Vault count percentage of total count
                 A         B        C        D         E       F
            +---------+---------+-------+---------+---------+-------
      Total |   51789 |   18643 |  26.5 |     362 |      69 |  16.0
            +---------+---------+-------+---------+---------+-------
        D:1 |      54 |       0 |   0.0 |      25 |       0 |   0.0
        D:2 |      86 |     223 |  72.2 |      20 |       1 |   4.8
        D:3 |     202 |       0 |   0.0 |      19 |       0 |   0.0
        D:4 |      90 |      20 |  18.2 |       6 |      10 |  62.5
        D:5 |     427 |       0 |   0.0 |      16 |       0 |   0.0
        D:6 |     816 |     385 |  32.1 |      21 |       1 |   4.5
        D:7 |     584 |       0 |   0.0 |      16 |       0 |   0.0
        D:8 |    1214 |     215 |  15.0 |      22 |       1 |   4.3
        D:9 |    3354 |       0 |   0.0 |      39 |       0 |   0.0
       D:10 |    4070 |       0 |   0.0 |      24 |       0 |   0.0
       D:11 |    2279 |     943 |  29.3 |      18 |       5 |  21.7
       D:12 |       0 |     332 | 100.0 |       0 |       1 | 100.0
       D:13 |     934 |     871 |  48.3 |       2 |       1 |  33.3
       D:14 |   12320 |       0 |   0.0 |      37 |       0 |   0.0
       D:15 |    2362 |     263 |  10.0 |       5 |       1 |  16.7
     Lair:1 |    1365 |     621 |  31.3 |       9 |       1 |  10.0
     Lair:2 |    5190 |    1183 |  18.6 |      23 |       4 |  14.8
     Lair:3 |    1321 |    1524 |  53.6 |       9 |       5 |  35.7
     Lair:4 |    4159 |     334 |   7.4 |      16 |       3 |  15.8
     Lair:5 |    2498 |     581 |  18.9 |      14 |       2 |  12.5
     Lair:6 |    8464 |    9865 |  53.8 |      21 |      26 |  55.3
      IceCv |       0 |    1283 | 100.0 |       0 |       7 | 100.0
            +---------+---------+-------+---------+---------+-------
